[Event "*** Titled Tuesday Blitz"]
[Site "Chess.com"]
[Date "2020.10.27"]
[Round "8"]
[White "FMJoseHerrera"]
[Black "Sharpchess22"]
[Result "0-1"]
[WhiteElo "2567"]
[BlackElo "2774"]
[TimeControl "180+1"]
[EndTime "11:28:44 PDT"]
[Termination "Sharpchess22 won on time"]

1. Nf3 Nf6 2. g3 g6 3. Bg2 Bg7 4. d3 d5 5. Nc3 O-O 6. h4 c6 7. h5 Nxh5 8. Bg5 Qb6 9. Qc1 f6 10. Be3 Qc7 11. Bh6 e5 12. Bxg7 Nxg7 13. e4 d4 14. Ne2 c5 15. Qh6 Ne6 16. Nd2 Qg7 17. Qh4 Nc6 18. f4 Nc7 19. O-O-O b5 20. Rdf1 c4 21. dxc4 bxc4 22. Nxc4 Ba6 23. b3 Bxc4 24. bxc4 Rab8 25. fxe5 fxe5 26. Kd2 Ne6 27. Nc1 Na5 28. Nd3 Nxc4+ 29. Ke2 Ne3 30. Bh3 Nc7 31. Nxe5 Nxf1 32.
Bxf1 Rbe8 33. Ng4 Rxe4+ 34. Kd1 Kh8 35. Bd3 Ree8 36. Qg5 Re6 37. Nh6 Qe7 38. Qg4 Qb4 39. Qh3 Rf2 0-1

[Event "*** Titled Tuesday Blitz"]
[Site "Chess.com"]
[Date "2020.10.27"]
[Round "8"]
[White "DonBroca"]
[Black "Cambek64"]
[Result "1-0"]
[WhiteElo "2149"]
[BlackElo "2312"]
[TimeControl "180+1"]
[EndTime "11:28:44 PDT"]
[Termination "DonBroca won by resignation"]

1. e4 e6 2. d4 d5 3. exd5 Qxd5 4. c4 Qd8 5. Nc3 Nf6 6. Nf3 b6 7. Bd3 Bb7 8. Qe2 Be7 9. O-O O-O 10. Bf4 a6 11. Rad1 Nbd7 12. Ne5 Re8 13. Ne4 Nxe4 14. Bxe4 Bxe4 15. Qxe4 Nf8 16. Rfe1 Bd6 17. c5 Bxe5 18. dxe5 Qe7 19. cxb6 cxb6 20. Rd6 b5 21. Red1 Red8 22.
Be3 Rxd6 23. exd6 Qd8 24. d7 Rb8 25. Ba7 Ra8 26. Qxa8 Qxa8 27. d8=Q Qxa7 28. Qc8 a5 29. Rd8 Qe7 30. a3 b4 31. Re8 Qd6 32. Rd8 Qe7 33. axb4 Qxb4 34. h3 Qe1+ 35. Kh2 Qb4 36. Qc3 Qf4+ 37.
Kg1 a4 38. Rd4 Qe5 39. Rxa4 Qe2 40. Rd4 h5 41. Rd8 Qb5 42. b4 g6 43. Qc5 1-0

[Event "*** Titled Tuesday Blitz"]
[Site "Chess.com"]
[Date "2020.10.27"]
[Round "8"]
[White "Lion-Al-Messi"]
[Black "YoungUzbek"]
[Result "1-0"]
[WhiteElo "2539"]
[BlackElo "2741"]
[TimeControl "180+1"]
[EndTime "11:28:47 PDT"]
[Termination "Lion-Al-Messi won on time"]

1. d4 Nf6 2. Nf3 e6 3. Nc3 c5 4. d5 d6 5. e4 e5 6. Be2 a6 7.
a4 Be7 8. O-O O-O 9. h3 Ne8 10.
Nd2 Bg5 11. Bg4 Nd7 12. b3 g6 13. Bb2 f5 14. exf5 gxf5 15. Be2 Qe7 16. Nc4 Rb8 17.
a5 Nc7 18. Na4 Nf6 19. Nab6 Nb5 20. Ne3 Ne4 21. Bd3 Bxe3 22. fxe3 Qg5 23. Qe1 Nc7 24. Rf3 1-0

[Event "*** Titled Tuesday Blitz"]
[Site "Chess.com"]
[Date "2020.10.27"]
[Round "8"]
[White "PavelShkapenko"]
[Black "bazar-wokzal"]
[Result "1-0"]
[WhiteElo "2645"]
[BlackElo "2494"]
[TimeControl "180+1"]
[EndTime "11:28:47 PDT"]
[Termination "PavelShkapenko won on time"]

1. e4 Nc6 2. d4 d5 3. Nc3 Nf6 4.
exd5 Nxd5 5. Nf3 Bg4 6. Bb5 e6 7. h3 Bh5 8. g4 Bg6 9. Ne5 Ne7 10.
Qf3 Rb8 11. Bf4 Bxc2 12. Bg5 f5 13. gxf5 Bxf5 14. Bxc6+ bxc6 15. Nxc6 Qc8 16. Nxb8 Qxb8 17. O-O-O h6 18. Bf4 Ng6 19. Rhe1 Kf7 20. d5 Nxf4 21. dxe6+ Kg6 22. Qxf4 Be7 23. h4 Rf8 24. Nd5 Bd6 25.
Qd4 Kh7 26. e7 Re8 27. Rg1 Bg6 28. h5 1-0

[Event "*** Titled Tuesday Blitz"]
[Site "Chess.com"]
[Date "2020.10.27"]
[Round "8"]
[White "MartinMatthiesen"]
[Black "paulrusan"]
[Result "1-0"]
[WhiteElo "2419"]
[BlackElo "2228"]
[TimeControl "180+1"]
[EndTime "11:28:51 PDT"]
[Termination "MartinMatthiesen won by checkmate"]

1. d4 Nf6 2. c4 g6 3. Nc3 Bg7 4. e4 d6 5. Nf3 O-O 6. Be2 Bg4 7. Be3 Nfd7 8. Ng1 Bxe2 9. Ngxe2 e5 10. d5 a5 11. O-O f5 12. f3 Na6 13. a3 Bf6 14.
Rb1 Bg5 15. Bf2 Nb6 16. Qb3 Nc5 17. Bxc5 dxc5 18. Rbd1 a4 19. Qa2 Be3+ 20. Kh1 f4 21.
Nb5 Rc8 22. b3 Qh4 23. bxa4 g5 24. a5 Rf6 25. g4 fxg3 26. Nxg3 Nd7 27. Nf5 Rxf5 28.
exf5 Nf6 29. Qe2 Bf4 30. d6 cxd6 31. Nxd6 Ra8 32. Nxb7 g4 33. Rd8+ Rxd8 34. Nxd8 g3 35. a6 gxh2 36. Qg2+ Kf8 37. Ne6+ Ke7 38. Qg7+ Kd6 39.
Qc7# 1-0

[Event "*** Titled Tuesday Blitz"]
[Site "Chess.com"]
[Date "2020.10.27"]
[Round "8"]
[White "reniite"]
[Black "RamyresCoelho"]
[Result "0-1"]
[WhiteElo "1929"]
[BlackElo "2089"]
[TimeControl "180+1"]
[EndTime "11:28:52 PDT"]
[Termination "RamyresCoelho won by resignation"]

1. e4 c5 2. Nf3 d6 3. d4 cxd4 4.
Nxd4 Nf6 5. Nc3 a6 6. h3 e6 7.
g4 b5 8. Bg2 Bb7 9. a3 Qc7 10.
Be3 Nfd7 11. O-O Nb6 12. Qc1 N8d7 13. Nde2 Nc4 14. Bg5 h6 15. Bh4 Rc8 16. Bg3 Be7 17.
Rd1 O-O 18. a4 b4 19. Na2 Nce5 20. Nd4 a5 21. f4 Nc6 22. Nxc6 Bxc6 23. b3 Qb7 24.
Qe3 Nf6 25. Re1 d5 26. e5 Ne4 27.
Bxe4 dxe4 28. Rad1 Be8 29. Qxe4 Bc6 30. Qe2 Bc5+ 31.
Bf2 Be7 32. Bd4 Bf3 33. Qf2 Bxd1 34. Rxd1 Qc6 35. c4 bxc3 36. Nxc3 Rfd8 37. Nb5 Qc2 38. Qxc2 Rxc2 39. Rd3 Bc5 40. Kf1 Bxd4 41. Rxd4 Rxd4 42. Nxd4 Rc3 43. Ke2 Rxh3 44. Kd2 Rg3 45. Kc2 Rxg4 46.
Kc3 Rxf4 47. Nc6 Rf3+ 48. Kc4 Re3 49. Nxa5 Rxe5 50. Nc6 Re4+ 51. Kc5 h5 52. a5 Re1 53. a6 Ra1 54. a7 h4 55. b4 Rxa7 56. Nxa7 h3 57. b5 h2 58. b6 h1=Q 59. Nc6 Qc1+ 0-1

[Event "*** Titled Tuesday Blitz"]
[Site "Chess.com"]
[Date "2020.10.27"]
[Round "8"]
[White "ftorodent"]
[Black "BursaBBSatranc"]
[Result "1-0"]
[WhiteElo "2668"]
[BlackElo "2507"]
[TimeControl "180+1"]
[EndTime "11:28:53 PDT"]
[Termination "ftorodent won by resignation"]

1. d4 d5 2. c4 c6 3. cxd5 cxd5 4. Bf4 Nf6 5. e3 Nc6 6. Nc3 a6 7. Bd3 Bg4 8. f3 Bh5 9. Nge2 e6 10. O-O Bg6 11. Rc1 Bxd3 12. Qxd3 Bd6 13. Na4 O-O 14. a3 Na5 15. Nc5 b6 16. Na4 Bxf4 17. Nxf4 Nc4 18.
Rc2 Qd6 19. Rfc1 Rab8 20. b3 Nxa3 21. Rc6 Qb4 22. Qc3 Qxc3 23. R1xc3 b5 24. Nc5 a5 25. Na6 Ra8 26. g4 h6 27. h4 Nd7 28. Rd6 Ra7 29. g5 hxg5 30. hxg5 g6 31. Nc7 Nb8 32. Rb6 Rc8 33.
Ncxd5 Rd8 34. Nf6+ Kg7 35. Rxe6 Nd7 36. Rd6 Nxf6 37.
gxf6+ 1-0

[Event "*** Titled Tuesday Blitz"]
[Site "Chess.com"]
[Date "2020.10.27"]
[Round "8"]
[White "MasterKroket"]
[Black "Keures"]
[Result "1-0"]
[WhiteElo "2412"]
[BlackElo "2231"]
[TimeControl "180+1"]
[EndTime "11:28:55 PDT"]
[Termination "MasterKroket won by resignation"]

1. d4 Nf6 2. c4 c5 3. d5 b5 4. cxb5 a6 5. bxa6 g6 6. Nc3 Bxa6 7. Nf3 Bg7 8. e4 Bxf1 9. Kxf1 d6 10. g3 Nbd7 11. Kg2 O-O 12. a4 Qa5 13. Qc2 Rfb8 14.
Bd2 Qb4 15. Rhb1 Qb3 16. Ne1 Ng4 17. Nb5 Qxc2 18. Nxc2 Nb6 19. Nc3 Bxc3 20. bxc3 Nc4 21. Rxb8+ Rxb8 22. Bc1 Ra8 23. f4 Nf6 24. Kf3 Nd7 25.
Ne3 Nxe3 26. Bxe3 Ra6 27. Rb1 Rxa4 28. Rb7 Nf6 29. Rxe7 Kf8 30. Rb7 Nxe4 31. f5 Kg7 32.
fxg6 hxg6 33. Rd7 Ra3 34. Kxe4 Rxc3 35. Rxd6 f5+ 36. Kf3 g5 37. Rc6 c4 38. d6 Kf6 39. Ke2 Ke6 40. Bxg5 Kd7 41. Rc5 Kxd6 42. Rxf5 Rc2+ 43. Kf3 Rxh2 44. Bf4+ Kc6 45. Rf6+ Kd5 46. Rd6+ Kc5 47. Rd8 c3 48. g4 Rh3+ 49. Ke4 Kc4 50. g5 Rh1 51. Rc8+ Kb3 52. g6 Rg1 53. Kf5 c2 54. Kf6 Rf1 55. g7 Rxf4+ 56. Kg5 Rf1 57. g8=Q+ Kb2 58. Rxc2+ Kxc2 59. Qc4+ 1-0

[Event "*** Titled Tuesday Blitz"]
[Site "Chess.com"]
[Date "2020.10.27"]
[Round "8"]
[White "Gordima"]
[Black "GMBenjaminBok"]
[Result "0-1"]
[WhiteElo "2809"]
[BlackElo "2945"]
[TimeControl "180+1"]
[EndTime "11:29:01 PDT"]
[Termination "GMBenjaminBok won by resignation"]

1. Nf3 d5 2. b3 Bf5 3. Bb2 e6 4. g3 h6 5. Bg2 Nf6 6. O-O Be7 7. d3 O-O 8. Nbd2 c5 9. c4 Nc6 10. cxd5 exd5 11. d4 Ne4 12. a3 Bf6 13. e3 cxd4 14. exd4 Re8 15. b4 Rc8 16. Nb3 Nd6 17.
Ne5 Nc4 18. Bc3 N6xe5 19. dxe5 Nxe5 20. Rc1 Bg4 21. f3 Bf5 22. f4 Nd3 23. Bxf6 Qxf6 24. Rxc8 Rxc8 25. Bxd5 Qb6+ 26. Kg2 Rc2+ 27. Qxc2 Ne1+ 28.
Rxe1 Bxc2 29. Nc5 Qd8 30. Bc4 Bf5 31. Nxb7 Qd2+ 32. Re2 Be4+ 33. Kf2 Qd4+ 0-1

[Event "*** Titled Tuesday Blitz"]
[Site "Chess.com"]
[Date "2020.10.27"]
[Round "8"]
[White "Omk124"]
[Black "LubovMarkelova"]
[Result "0-1"]
[WhiteElo "2403"]
[BlackElo "2248"]
[TimeControl "180+1"]
[EndTime "11:29:01 PDT"]
[Termination "LubovMarkelova won by checkmate"]

1. e4 e5 2. Nf3 Nc6 3. Bc4 Bc5 4. c3 Nf6 5. d3 d6 6. b4 Bb6 7. a4 a6 8. Bg5 h6 9. Bh4 g5 10. Bg3 Bg4 11. Nbd2 Qe7 12. Qb3 Nh5 13. a5 Ba7 14. Qa4 Nf4 15. Bxf4 gxf4 16. Bxa6 Bd7 17. Bxb7 Nd8 18.
Bxa8 Bxa4 19. Rxa4 O-O 20. Bd5 c6 21. Bb3 Ne6 22. Ke2 Kh8 23. Rha1 f5 24. Bc2 Nc7 25. c4 d5 26. Rb1 fxe4 27. dxe4 dxc4 28. Nxc4 Nb5 29. Nfxe5 Qe6 30. Raa1 Bd4 31. Nf3 Qxc4+ 32.
Bd3 Nc3+ 33. Kd2 Nxb1+ 34. Rxb1 Qc3+ 35. Ke2 Rd8 36. a6 Ba7 37. Rd1 Qb2+ 38. Kf1 Qxf2# 0-1

[Event "*** Titled Tuesday Blitz"]
[Site "Chess.com"]
[Date "2020.10.27"]
[Round "8"]
[White "gagtemp"]
[Black "beto-betun"]
[Result "0-1"]
[WhiteElo "1965"]
[BlackElo "2201"]
[TimeControl "180+1"]
[EndTime "11:29:02 PDT"]
[Termination "beto-betun won by checkmate"]

1. e4 c5 2. Nf3 d6 3. d4 cxd4 4. Nxd4 Nf6 5. Nc3 a6 6. Be3 e5 7. Nb3 Be7 8. f3 h5 9. Be2 Be6 10. O-O Nbd7 11. Nd5 Nxd5 12. exd5 Bf5 13. Qd2 h4 14. Na5 Qc7 15. c4 h3 16. g3 O-O 17.
b4 Nf6 18. Nb3 b6 19. a4 Rfc8 20. a5 b5 21. cxb5 axb5 22. Rac1 Qb7 23. Rfd1 Rxc1 24. Nxc1 Rc8 25. Bd3 Bxd3 26. Qxd3 Rc4 27. Na2 Qc8 28. Rc1 Bd8 29. Rxc4 bxc4 30. Qd2 Qb7 31. Nc3 Qxb4 32.
a6 Bb6 33. a7 Bxa7 34. Bxa7 Nxd5 35. Qxd5 Qxc3 36. Qa8+ Kh7 37. Qe4+ g6 38. Qh4+ Kg7 39. Bb6 Qe1# 0-1

[Event "*** Titled Tuesday Blitz"]
[Site "Chess.com"]
[Date "2020.10.27"]
[Round "8"]
[White "penguingm1"]
[Black "esapunov"]
[Result "0-1"]
[WhiteElo "2809"]
[BlackElo "2688"]
[TimeControl "180+1"]
[EndTime "11:29:05 PDT"]
[Termination "esapunov won on time"]

1. d4 Nf6 2. c4 g6 3. f3 Bg7 4. e4 O-O 5. Nc3 d6 6. Nge2 Nc6 7. Be3 a6 8. Qd2 Rb8 9. Rc1 Bd7 10. Nd1 Re8 11. Nf2 b5 12. c5 dxc5 13. Rxc5 e5 14.
d5 Ne7 15. Nd3 c6 16. dxc6 Nxc6 17. Rc1 Bf8 18. Nc5 Bxc5 19. Bxc5 Be6 20. b3 Rc8 21. Qxd8 Rexd8 22. Ba3 b4 23. Bb2 a5 24. Rc5 Nd7 25.
Rc2 a4 26. Nc1 a3 27. Ba1 Nd4 28. Rxc8 Rxc8 29. Bxd4 Rxc1+ 30. Kd2 Rb1 31. Kc2 Re1 32. Kd2 Rb1 33. Kc2 Re1 34. Kd2 exd4 35. Kxe1 Bxb3 36. Kd2 Bxa2 37. Bb5 Be6 38. Kd3 b3 39. Kxd4 b2 40. Kc3 Nb6 41. Bd3 Nc4 42. Kb4 a2 0-1

[Event "*** Titled Tuesday Blitz"]
[Site "Chess.com"]
[Date "2020.10.27"]
[Round "8"]
[White "Pultis"]
[Black "Smirnov_Pavel"]
[Result "0-1"]
[WhiteElo "2715"]
[BlackElo "2860"]
[TimeControl "180+1"]
[EndTime "11:29:07 PDT"]
[Termination "Smirnov_Pavel won on time"]

1. b3 e5 2. Bb2 Nc6 3. e3 Nf6 4. Bb5 Bd6 5. Na3 Be7 6. Be2 O-O 7. Nc4 e4 8. Nh3 d5 9. Ne5 Nxe5 10. Bxe5 Bd6 11.
Bb2 c5 12. d3 Qe7 13. dxe4 dxe4 14. Nf4 Be5 15. Qc1 g5 16. Nh3 h6 17. Ng1 Bf5 18. Bc4 a6 19. a4 Rad8 20. Ne2 Ng4 21. Ng3 Bg6 22. Be2 Nxf2 23. O-O Nd3 24. cxd3 exd3 25. Bxe5 dxe2 26. Qb2 exf1=Q+ 27. Rxf1 Kh7 28.
e4 Qe6 29. Bc3 Rd3 30. Rf6 Rd1+ 31. Kf2 Qd7 32. Nf5 Qd3 33. Be1 Qxe4 34. Ne3 Rxe1 0-1

[Event "*** Titled Tuesday Blitz"]
[Site "Chess.com"]
[Date "2020.10.27"]
[Round "8"]
[White "MIJuanReyesRosa"]
[Black "queen_iryna"]
[Result "0-1"]
[WhiteElo "2085"]
[BlackElo "2299"]
[TimeControl "180+1"]
[EndTime "11:29:09 PDT"]
[Termination "queen_iryna won on time"]

1. d4 d6 2. c4 e5 3. Nf3 e4 4. Nfd2 f5 5. e3 Nf6 6. Be2 g6 7. O-O Bg7 8. Nc3 c6 9. b4 O-O 10. c5 d5 11. a4 g5 12. Qb3 f4 13. Ndxe4 Nxe4 14. Nxe4 Kh8 15. Nd6 Nd7 16. exf4 gxf4 17.
Bg4 Nxc5 18. bxc5 Bxg4 19. Qxb7 f3 20. Nf7+ Rxf7 21. Qxf7 fxg2 22. Re1 Bxd4 23. Re7 Qg8 24. Qxg8+ Kxg8 25. Ra3 Bxc5 26. Rg3 Bxe7 27. Rxg4+ Kf7 28. Kxg2 Rg8 29. Rxg8 Kxg8 30. Kf3 Kf7 31. Be3 a6 32. Bb6 Ke6 33. h3 c5 34. Ke3 c4 35. f3 Bf6 0-1

[Event "*** Titled Tuesday Blitz"]
[Site "Chess.com"]
[Date "2020.10.27"]
[Round "8"]
[White "PhileKhoob"]
[Black "AIROPITO7"]
[Result "0-1"]
[WhiteElo "2463"]
[BlackElo "2600"]
[TimeControl "180+1"]
[EndTime "11:29:10 PDT"]
[Termination "AIROPITO7 won by resignation"]

1. e4 Nc6 2. Nf3 d6 3. d4 g6 4. Nc3 Bg7 5. Be3 Bg4 6. Be2 e5 7. d5 Bxf3 8. Bxf3 Nd4 9. Bxd4 exd4 10. Ne2 Qf6 11. O-O Ne7 12. Qd3 O-O 13. Rad1 c5 14. dxc6 Nxc6 15. Ng3 Ne5 16. Qe2 Rac8 17. Rd2 Rc5 18.
Bg4 Qf4 19. Bh3 b5 20. Rfd1 Nc4 21. Rd3 Nxb2 22. Rf3 Qe5 23. Rb1 Nc4 24. Nf1 Bh6 25. g3 Na3 26. Rb2 Bc1 27. Rbb3 Nc4 28. Rfd3 Bh6 29.
f4 Qf6 30. Nd2 Bg7 31. Nf3 a5 32. Rb1 b4 33. Nxd4 Na3 34. Rc1 Qd8 35. Kg2 Qb6 36. Nb3 Rc7 37. Bg4 Re7 38. Bf3 Rc8 39. Qd2 Rec7 40.
Rxd6 Qb8 41. Bd1 Nc4 42. Qd5 Nxd6 43. Qxd6 Rxc2+ 44. Rxc2 Rxc2+ 0-1

[Event "*** Titled Tuesday Blitz"]
[Site "Chess.com"]
[Date "2020.10.27"]
[Round "8"]
[White "CraiggoryC"]
[Black "Klavdia_Nik"]
[Result "1-0"]
[WhiteElo "2230"]
[BlackElo "2058"]
[TimeControl "180+1"]
[EndTime "11:29:10 PDT"]
[Termination "CraiggoryC won on time"]

1. e4 c5 2. Nf3 Nc6 3. d4 cxd4 4. Nxd4 Nf6 5. Nc3 d6 6. Bc4 a6 7. Nxc6 bxc6 8. e5 Ng4 9. e6 Ne5 10. exf7+ Nxf7 11. Bxf7+ Kxf7 12. Qf3+ Kg8 13. Qxc6 Rb8 14. Bf4 Bb7 15. Qc4+ d5 16. Qd4 Rc8 17. O-O-O e6 18. Rhe1 Rc6 19. Be5 Qg5+ 20. f4 Qg6 21. Rd3 Qf7 22.
Rg3 h6 23. f5 Rc4 24. fxe6 Qxe6 25. Qf2 Qf7 26. Rf3 Qe8 27. Bxg7 Qxe1+ 28. Qxe1 Bxg7 29. Qe6+ Kh7 30. Qf5+ Kg8 31. Qf7+ Kh7 32. Qxb7 Re8 33. Qxd5 Rc7 34. Qf5+ 1-0

[Event "*** Titled Tuesday Blitz"]
[Site "Chess.com"]
[Date "2020.10.27"]
[Round "8"]
[White "amintabatabaei"]
[Black "XDPS"]
[Result "1-0"]
[WhiteElo "2891"]
[BlackElo "2739"]
[TimeControl "180+1"]
[EndTime "11:29:11 PDT"]
[Termination "amintabatabaei won on time"]

1. b3 d5 2. Bb2 Bf5 3. Nf3 e6 4. g3 h6 5. Bg2 Nf6 6. O-O Be7 7. d3 O-O 8. Nbd2 Bh7 9. Ne5 a5 10. a3 Nbd7 11. e4 Nxe5 12. Bxe5 c6 13. Qe2 Nd7 14. Bb2 Bf6 15. e5 Be7 16. f4 a4 17. b4 c5 18.
c3 Qb6 19. Kh1 cxb4 20. cxb4 Qb5 21. Rf3 Rac8 22. Nf1 Rc6 23. Rd1 Rfc8 24. Rd2 Nb8 25. g4 Na6 26. Bd4 Rc1 27. f5 Bg5 28. Be3 Bxe3 29.
Qxe3 Nxb4 30. axb4 Qxb4 31. f6 a3 32. fxg7 Kxg7 33.
Rdf2 Bg6 34. Rh3 Rh8 35. Qf3 Qe7 36. d4 Ra8 37. Qf4 1-0

[Event "*** Titled Tuesday Blitz"]
[Site "Chess.com"]
[Date "2020.10.27"]
[Round "8"]
[White "sokidze"]
[Black "kakakz"]
[Result "1-0"]
[WhiteElo "2604"]
[BlackElo "2378"]
[TimeControl "180+1"]
[EndTime "11:29:12 PDT"]
[Termination "sokidze won on time"]

1. d4 Nf6 2. g3 c5 3. d5 e6 4. c4 exd5 5. cxd5 d6 6. Nc3 g6 7. Nf3 Bg7 8. Bg2 O-O 9. O-O a6 10. a4 Nbd7 11. h3 Re8 12. Nd2 Rb8 13. Nc4 Ne5 14. Na3 Qc7 15. f4 Ned7 16. e4 c4 17.
Qe2 b5 18. axb5 axb5 19. Naxb5 Rxb5 20. Nxb5 Qc5+ 21. Nd4 Qxd4+ 22. Be3 Qd3 23. Qxd3 cxd3 24. Ra8 Bb7 25. Rxe8+ Nxe8 26. Rd1 Ba6 27. Bf1 Bxb2 28. Bxd3 Bxd3 29. Rxd3 Nc5 30. Bxc5 dxc5 31. d6 Nf6 32. d7 Nxd7 33. Rxd7 Kg7 34. Kf1 Kf6 35. Rc7 Bd4 36.
Ke2 h5 37. g4 hxg4 38. hxg4 Ke6 39. Kd3 f5 40. gxf5+ gxf5 41. e5 Bg1 42. Rc6+ Ke7 43. Rf6 Bf2 44. Rxf5 Bd4 45. Ke4 Bb2 46. Rh5 1-0

[Event "*** Titled Tuesday Blitz"]
[Site "Chess.com"]
[Date "2020.10.27"]
[Round "8"]
[White "pfalcon1949"]
[Black "zivicd"]
[Result "1-0"]
[WhiteElo "2027"]
[BlackElo "2265"]
[TimeControl "180+1"]
[EndTime "11:29:12 PDT"]
[Termination "pfalcon1949 won on time"]

1. c4 Nf6 2. Nc3 e5 3. g3 Nc6 4. Bg2 g6 5. e4 Bg7 6. Nge2 O-O 7. O-O d6 8. d3 h6 9. Nd5 a5 10. h3 Kh7 11. Kh2 Ng8 12. Be3 f5 13. exf5 Bxf5 14.
d4 e4 15. g4 Bd7 16. Bxe4 Nge7 17. Nef4 Rc8 18. Qd3 Qe8 19. Nxe7 Nxe7 20. b3 Rb8 21. Rad1 Qf7 22. Nd5 Nxd5 23. Bxd5 Be6 24. Bg2 b6 25.
Kh1 Kh8 26. d5 Bd7 27. Be4 Rbe8 28. Bxg6 Qf3+ 29. Kg1 Qxh3 30. Bxe8 Qxg4+ 31. Kh1 Qh3+ 32. Kg1 Be5 33. f4 Rg8+ 34. Kf2 Qh2+ 35. Ke1 Qh4+ 36. Bf2 Qf6 37. fxe5 Rxe8 38. Be3 Qh4+ 39. Kd2 Qh2+ 40. Rf2 Qh5 41. Rdf1 1-0

[Event "*** Titled Tuesday Blitz"]
[Site "Chess.com"]
[Date "2020.10.27"]
[Round "8"]
[White "PotapovaM"]
[Black "dpopadic"]
[Result "0-1"]
[WhiteElo "2557"]
[BlackElo "2398"]
[TimeControl "180+1"]
[EndTime "11:29:13 PDT"]
[Termination "dpopadic won by checkmate"]

1. d4 Nf6 2. c4 g6 3. Nc3 Bg7 4. e4 d6 5. h3 O-O 6. Be3 e5 7. d5 a5 8. g4 Na6 9. Nge2 Nd7 10. Ng3 Ndc5 11. h4 c6 12. h5 cxd5 13. Nxd5 Be6 14. Qd2 Bxd5 15. cxd5 Re8 16. Bb5 Re7 17. f3 Rc7 18.
Bh6 Bf6 19. Qh2 Nb4 20. Rd1 Bg5 21. hxg6 fxg6 22. a3 Nba6 23. Rg1 Nb3 24. Nf5 Bxh6 25. Qxh6 gxf5 26. gxf5+ Kh8 27. f6 Qf8 28. Qg5 Nd4 29. Kf2 Nxb5 30. Rh1 Rf7 31. Rh6 Rc8 32. Rdh1 Rc2+ 33.
Ke3 Rcc7 34. Qf5 Nc5 35. Qh5 Qg8 36. Rh2 Qg1+ 37. Rf2 Qe1+ 38. Re2 Qg1+ 39. Rf2 Nd4 40. Qh4 Qe1+ 41. Re2 Qxe2# 0-1

[Event "*** Titled Tuesday Blitz"]
[Site "Chess.com"]
[Date "2020.10.27"]
[Round "8"]
[White "SanchezKelvin"]
[Black "Morshynska"]
[Result "1-0"]
[WhiteElo "2377"]
[BlackElo "2203"]
[TimeControl "180+1"]
[EndTime "11:29:14 PDT"]
[Termination "SanchezKelvin won on time"]

1. e4 e5 2. Nf3 Nc6 3. Bb5 a6 4. Ba4 Nf6 5. O-O b5 6. Bb3 Bb7 7. c3 Nxe4 8. Re1 Nc5 9. Bd5 Ne6 10. Nxe5 Bd6 11. Nxc6 Bxc6 12. Bxc6 dxc6 13. Qf3 Qd7 14. d4 O-O 15. Nd2 c5 16. d5 Nf4 17. Ne4 Nxd5 18.
Rd1 c6 19. b3 c4 20. bxc4 bxc4 21. a4 Be5 22. Ba3 Rfd8 23. Nc5 Qc7 24. Rac1 Bxh2+ 25. Kh1 Bf4 26. Rc2 Qe5 27. g3 Bh6 28. Kg2 Qg5 29. Rd4 Qg6 30. Re2 a5 31. Rg4 Qb1 32. Rxc4 Qa1 33.
Bb2 Qa2 34. Rg4 Qb1 35. c4 Nb4 36. Qf6 Qg6 37. Rxg6 hxg6 38. Qf3 Rd6 39. Re7 Rf8 40. Qc3 1-0

[Event "*** Titled Tuesday Blitz"]
[Site "Chess.com"]
[Date "2020.10.27"]
[Round "8"]
[White "chessdjw"]
[Black "redbaron8888"]
[Result "1-0"]
[WhiteElo "2653"]
[BlackElo "2511"]
[TimeControl "180+1"]
[EndTime "11:29:15 PDT"]
[Termination "chessdjw won by checkmate"]

1. e4 c5 2. Nf3 d6 3. d4 cxd4 4. Nxd4 Nf6 5. Nc3 a6 6. Be3 e5 7. Nf3 h6 8. Bc4 Be7 9. O-O O-O 10. Qe2 Be6 11. Rfd1 Nbd7 12. Nd2 b5 13. Bb3 Qe8 14.
Nf1 Rc8 15. Ng3 Nc5 16. h3 b4 17. Nd5 Nfxe4 18. Nxe4 Nxe4 19. Qxa6 Bg5 20. Bxg5 hxg5 21.
Qb7 Rb8 22. Ne7+ Kh7 23. Ng6 Kxg6 24. Qxe4+ f5 25. Qe3 Bxb3 26. axb3 Rf6 27. Ra6 Qe7 28. Ra7 Rb7 29. Ra6 Rd7 30. Rd5 e4 31. Rb6 f4 32. Qe2 Qe6 33. Rbb5 e3 34. Rxg5+ Kf7 35. Qh5+ Ke7 36. Rxg7+ Kd8 37. Qh8+ Kc7 38. Qb8+ Kc6 39. Qb6# 1-0

[Event "*** Titled Tuesday Blitz"]
[Site "Chess.com"]
[Date "2020.10.27"]
[Round "8"]
[White "Andreikka"]
[Black "Semen_Khanin"]
[Result "1-0"]
[WhiteElo "2921"]
[BlackElo "2773"]
[TimeControl "180+1"]
[EndTime "11:29:16 PDT"]
[Termination "Andreikka won by resignation"]

1. e4 e5 2. Nf3 Nc6 3. Bb5 Nf6 4. d3 d6 5. c3 a6 6. Ba4 g6 7. O-O Bg7 8. Re1 O-O 9. Nbd2 Re8 10. Nf1 h6 11. h3 b5 12. Bc2 Bb7 13. Ng3 Nb8 14.
d4 Nbd7 15. a4 c5 16. d5 c4 17. Be3 Qc7 18. Qd2 Kh7 19. Ra3 Nc5 20. Rea1 Nfd7 21. h4 Nb6 22. axb5 axb5 23. h5 Rxa3 24. Rxa3 Ra8 25.
Rxa8 Bxa8 26. Nh2 Nb3 27. Qd1 Na4 28. Bxb3 cxb3 29. Qxb3 Qc4 30. Qa3 Bb7 31. hxg6+ fxg6 32. Qxd6 Nxb2 33. Ng4 Qc8 34. Nf6+ Kh8 35. Qe7 Qf8 36.
Qxb7 Qxf6 37. Qxb5 Nd1 38. Bc5 h5 39. Qd3 Nb2 40.
Qc2 Nc4 41. Qa2 Nd6 42. Qa6 Nxe4 43. Qc8+ Kh7 44. Nxe4 Qf4 45. f3 Qc1+ 46. Kh2 Qf4+ 47. g3 Qxf3 48. Ng5+ 1-0

[Event "*** Titled Tuesday Blitz"]
[Site "Chess.com"]
[Date "2020.10.27"]
[Round "8"]
[White "Caterpiller35"]
[Black "dosto07"]
[Result "1-0"]
[WhiteElo "2470"]
[BlackElo "2335"]
[TimeControl "180+1"]
[EndTime "11:29:17 PDT"]
[Termination "Caterpiller35 won on time"]

1. d4 d5 2. Bf4 Nf6 3. e3 c5 4. c3 Nc6 5. Nd2 Qb6 6. Qb3 c4 7. Qc2 g6 8. e4 e6 9. e5 Nd7 10. h4 h6 11. b3 cxb3 12. axb3 Bg7 13. Bd3 Ne7 14. Ndf3 Nb8 15. Ne2 Nbc6 16. O-O Bd7 17.
Be3 Rc8 18. Qa2 O-O 19. Qd2 Kh7 20. Nf4 Nf5 21. h5 Na5 22. g4 Ne7 23. b4 Nb3 24.
hxg6+ fxg6 25. Qc2 Nxa1 26. Rxa1 Bb5 27. Bxg6+ Kh8 28. Nh4 Rxf4 29. Bxf4 Rf8 30. Be3 a6 31. Kg2 Qc6 32. Rh1 Qc4 33. g5 h5 34. Bxh5 Qd3 35.
Qxd3 Bxd3 36. Ng6+ 1-0

[Event "*** Titled Tuesday Blitz"]
[Site "Chess.com"]
[Date "2020.10.27"]
[Round "8"]
[White "Khnykin_Nikolay"]
[Black "Roza_Idrisova"]
[Result "1-0"]
[WhiteElo "2080"]
[BlackElo "2193"]
[TimeControl "180+1"]
[EndTime "11:29:17 PDT"]
[Termination "Khnykin_Nikolay won on time"]

1. e4 c6 2. Nf3 d5 3. exd5 cxd5 4. d4 Nc6 5. c4 Nf6 6. Nc3 Bg4 7. Be2 e6 8. O-O Be7 9. c5 O-O 10. Be3 Ne4 11. Nd2 Bxe2 12. Qxe2 Nxc3 13. bxc3 Bf6 14.
Rab1 Qc7 15. Qg4 e5 16. Nf3 exd4 17. cxd4 Rfe8 18. Rb3 Re4 19. Qf5 Rd8 20. Rfb1 Na5 21. Rb5 Rd7 22. Rxa5 g6 23. Qh3 Qxa5 24. Qxd7 Qxa2 25.
Qxb7 Re7 26. Qb5 Kg7 27. Rf1 h6 28. Ne5 Kh7 29. Qc6 Bxe5 30. dxe5 Rxe5 31. Qf6 Rf5 32. Qh4 g5 33. Qg4 Kg6 34. h4 h5 35. Qg3 g4 36.
Qd6+ Rf6 37. Qf8 Kf5 38. Bg5 Qb2 39. Bxf6 Qxf6 40. Qd6 1-0

[Event "*** Titled Tuesday Blitz"]
[Site "Chess.com"]
[Date "2020.10.27"]
[Round "8"]
[White "Aleksey_Sorokin"]
[Black "Joshukid"]
[Result "1/2-1/2"]
[WhiteElo "2833"]
[BlackElo "2704"]
[TimeControl "180+1"]
[EndTime "11:29:18 PDT"]
[Termination "Game drawn - insufficient material"]

1. d4 g6 2. c4 Bg7 3. Nf3 d6 4. Nc3 e5 5. dxe5 dxe5 6. Qxd8+ Kxd8 7. g3 Be6 8. Bg2 Bxc4 9. Nxe5 Bxe5 10. Bxb7 c6 11.
Bxa8 Kc7 12. Bf4 Bxf4 13. gxf4 Ne7 14. Rc1 Nd7 15. b3 Ba6 16. Nd5+ Nxd5 17. Rxc6+ Kb8 18.
Rxa6 Kxa8 19. Rd6 N7b6 20. e3 Kb7 21. e4 Nxf4 22. Rf6 Nd3+ 23. Ke2 Ne5 24. f4 Nc6 25. Rxf7+ Ka6 26. Rd1 Re8 27. Ke3 Re7 28. Rxe7 Nxe7 29.
h4 Kb7 30. h5 Kc7 31. hxg6 hxg6 32. Rh1 Kd6 33. Rh8 Nd7 34. Ra8 Nc6 35. Kf3 Ke6 36.
Rg8 Ne7 37. Rh8 Nc6 38. Re8+ Kf7 39. Rc8 Nd4+ 40. Ke3 Nb5 41. a4 Nd6 42. Rc7 Ke6 43.
Rxa7 Nc5 44. b4 Ncxe4 45. a5 Nc3 46. Ra8 Nd5+ 47. Kd4 Nxb4 48. a6 Nb5+ 49. Kc4 Nc7 50. Rg8 Nbxa6 51. Rxg6+ Kf5 52. Rxa6 Nxa6 53. Kd3 Kxf4 1/2-1/2